 Dungeon Crawl Stone Soup version 0.28.0-43-g3370ac3207 (webtiles) character file.

Game seed: 5753128535844593561

2564 Arcadio the Nimble (level 9, -3/59 HPs)
             Began as a Kobold Hunter on Mar 3, 2022.
             Was a Believer of Fedhas.
             Engulfed by a death drake (shapeshifter)'s foul pestilence (5 damage)
             ... on level 8 of the Dungeon.
             The game lasted 00:28:14 (13195 turns).

Arcadio the Nimble (Kobold Hunter)                 Turns: 13195, Time: 00:28:15

Health: -3/59      AC:  5    Str: 15    XL:     9   Next: 87%
Magic:  9/9        EV: 19    Int: 13    God:    Fedhas [**....]
Gold:   343        SH:  0    Dex: 17    Spells: 8/8 levels left

rFire   + . .      SeeInvis .   b - +4 hand axe of the Tiger {elec, rElec Will+ Str+4}
rCold   x . .      Faith    +   (no shield)
rNeg    . . .      Spirit   .   c - +0 leather armour
rPois   +          Reflect  .   C - +0 helmet
rElec   +          Harm     .   m - +0 cloak
rCorr   .          Rampage  .   (no gloves)
Will    +....                   (no boots)
Stlth   +++.......              t - amulet of faith
HPRegen 0.19/turn               e - ring of poison resistance
MPRegen 0.11/turn               u - ring of fire

@: slowed, very slow
A: small, no large weapons, nightstalker 3
a: Renounce Religion, Wall of Briars


You were on level 8 of the Dungeon.
You worshipped Fedhas.
Fedhas was pleased with you.
You visited 2 branches of the dungeon, and saw 9 of its levels.

You collected 399 gold pieces.
You spent 56 gold pieces at shops.

Inventory:

Hand Weapons
 a - a +1 shortbow of chaos
 b - the +4 hand axe of the Tiger (weapon) {elec, rElec Will+ Str+4}
   (You took it off an orc on level 4 of the Dungeon)

   It occasionally discharges a powerful burst of electricity upon striking a
   foe.
   Str:       It affects your strength (+4).
   rElec:     It insulates you from electricity.
   Will:      It increases your willpower.
 h - a +1 short sword of draining
 j - a +0 short sword
 n - a +2 mace of protection
Missiles
 d - 169 arrows
Armour
 c - a +0 leather armour (worn)
 m - a +0 cloak (worn)
 x - a +1 robe of cold resistance
 B - a +0 buckler
 C - a +0 helmet (worn)
Jewellery
 e - a ring of poison resistance (left hand)
 t - an amulet of faith (around neck)
 u - a ring of fire (right hand)
 D - a ring of magical power
Wands
 l - a wand of mindburst (13)
Scrolls
 p - 7 scrolls of teleportation
 q - a scroll of fog {unknown}
 r - a scroll of enchant weapon {unknown}
 s - 2 scrolls of identify
 v - 2 scrolls of torment {unknown}
 w - 4 scrolls of magic mapping {unknown}
 y - 2 scrolls of vulnerability {unknown}
 A - 2 scrolls of fear
 E - a scroll of holy word {unknown}
 F - a scroll of amnesia
 G - a scroll of blinking
Potions
 f - a potion of haste
 g - a potion of degeneration
 i - 2 potions of might
 k - a potion of attraction
 o - 2 potions of lignification
 z - 2 potions of heal wounds


   Skills:
 + Level 8.3 Fighting
 + Level 8.4 Bows
 + Level 9.1 Dodging
 - Level 1.3 Stealth


You had 8 spell levels left.
You didn't know any spells.
Your spell library contained the following spells:

 Spells                   Type           Power      Damage    Failure   Level
 Corpse Rot               Necr/Air       0%         N/A       50%         2
 Ensorcelled Hibernation  Hex/Ice        0%         N/A       50%         2
 Passwall                 Tmut/Erth      0%         N/A       50%         2
 Poisonous Vapours        Pois/Air       0%         N/A       50%         2
 Static Discharge         Conj/Air       0%         N/A       50%         2
 Swiftness                Air            0%         N/A       75%         3
 Lightning Bolt           Conj/Air       0%         1d11      100%        5
 Maxwell's Capacitive Co  Air            0%         ∞         100%        8


Dungeon Overview and Level Annotations

Branches:
Dungeon (8/15)             Temple (1/1) D:5
   Lair: D:8-11

Altars:
Ashenzari
Cheibriados
Elyvilon
Fedhas
Gozag
Kikubaaqudgha
Makhleb
Nemelex Xobeh
Okawaru
Qazlal
Ru
Sif Muna
Trog
Uskayaw
Vehumet
Wu Jian
Xom
Yredelemnul
Zin
The Shining One

Shops:
D:6 *

Annotations:
D:7 Menkaure


Innate Abilities, Weirdness & Mutations

You are small and have problems with some larger weapons.
You are completely attuned to the shadows.


Message History

You hear the crackle of electricity.
b - the +4 hand axe of the Tiger (weapon)
{elec, rElec Will+ Str+4} You slash the yaktaur!
The yaktaur is moderately wounded.
The yaktaur changes into a manticore!
The manticore changes into a snapping turtle!
You hit the snapping turtle but do no damage.
The snapping turtle closely misses you.
You hit the snapping turtle but do no damage.
The snapping turtle barely misses you.
You hit the snapping turtle.
You punch the snapping turtle, but do no damage.
The snapping turtle is lightly wounded.
The snapping turtle bites you!
You hit the snapping turtle but do no damage.
The snapping turtle is lightly wounded.
The snapping turtle bites you!! The snapping turtle bites you!
* * * LOW HITPOINT WARNING * * *
The snapping turtle closely misses you.
The killer bee stings you but does no damage.
The killer bee barely misses you. The killer bee barely misses you.
You hit the killer bee.
The killer bee is lightly wounded.
The snapping turtle changes into a death drake!
The killer bee barely misses you. The killer bee closely misses you.
You barely miss the killer bee.
The killer bee is lightly wounded.
The killer bee barely misses you. The killer bee closely misses you. x2
You closely miss the killer bee.
The killer bee is lightly wounded.
The killer bee completely misses you. The death drake breathes miasma at you.
The foul vapour engulfs you!
* * * LOW HITPOINT WARNING * * *
The killer bee is engulfed in dark miasma.
The killer bee is poisoned.
You are engulfed in dark miasma.
You feel yourself slow down.
You die...
Fedhas appreciates your contribution to the ecosystem.

#.#### #..### #.#...^..#
##.##########.....
.........###
>.............####
#####..##.#.
.#.#######################..#
#y. .#.# #............# #..
#.# #○#########.## #.. #.#
#○# #.# #.. #.# #○# #.# #..
#.# #@# #####.####.. #.# #○#
#.....(..y.. #.# #k#
#.###.####.. #.####
#y#####.###.# #.# #....#
#○##........# #.# ####.#
#○##........# #.#
#.##........ #.########
#.......y... #........#
#.##.......#


You could see a death drake shaped shifter and a killer bee (poisoned).

Vanquished Creatures
  A wyvern (D:6)
  Sigmund (D:5)
  2 water moccasins
  2 orc warriors
  2 sky beasts
  2 black bears
  2 ice beasts (D:6)
  A centaur (D:6)
  3 kobold brigands
  2 bullfrogs (D:6)
  A gnoll sergeant (D:7)
  2 water moccasin skeletons
  A howler monkey (D:7)
  A jelly (D:4)
  A quasit (D:6)
  A bullfrog zombie (D:7)
  3 hounds
  A centaur skeleton (D:6)
  2 bullfrog skeletons
  A gnoll shaman (D:5)
  5 orc wizards
  A hound skeleton (D:4)
  A howler monkey zombie (D:4)
  6 gnolls
  9 adders
  A howler monkey skeleton (D:7)
  4 shadow imps
  An ufetubus (D:4)
  3 worms
  A dart slug (D:1)
  9 orcs
  6 bats
  8 endoplasms
  6 giant cockroaches
  10 goblins
  7 hobgoblins
  8 quokkas
  7 ball pythons
  2 frilled lizards
  2 goblin zombies (D:6)
  2 hobgoblin zombies (D:6)
  19 kobolds
  A kobold skeleton (D:6)
  A kobold zombie (D:6)
  2 rats
154 creatures vanquished.

Vanquished Creatures (others)
  An orc wizard (D:2)
1 creature vanquished.

Grand Total: 155 creatures vanquished

Notes
Turn   | Place    | Note
-------+----------+-------------------------------------------
     0 | D:1      | Arcadio the Kobold Hunter began the quest for the Orb.
     0 | D:1      | Reached XP level 1. HP: 12/12 MP: 1/1
   185 | D:1      | Found an ornate altar of the Wu Jian Council.
   190 | D:1      | Reached XP level 2. HP: 17/18 MP: 2/2
   434 | D:1      | Reached skill level 3 in Dodging
   799 | D:1      | Reached XP level 3. HP: 22/22 MP: 3/3
  1643 | D:2      | Reached XP level 4. HP: 25/28 MP: 4/4
  2434 | D:2      | Reached skill level 4 in Dodging
  2434 | D:2      | Reached XP level 5. HP: 32/32 MP: 5/5
  2838 | D:2      | Found a faded altar of an unknown god.
  3506 | D:3      | Reached skill level 5 in Bows
  4444 | D:4      | Reached XP level 6. HP: 34/38 MP: 6/6
  4723 | D:4      | Identified the +4 hand axe of the Tiger {elec, rElec Will+
                  | Str+4}
  5393 | D:5      | Entered Level 5 of the Dungeon
  5437 | D:5      | Reached skill level 5 in Dodging
  5540 | D:5      | Noticed Sigmund
  5650 | D:5      | Killed Sigmund
  5651 | D:5      | Reached skill level 5 in Fighting
  5651 | D:5      | Reached XP level 7. HP: 22/44 MP: 7/7
  6737 | D:5      | Found a staircase to the Ecumenical Temple.
  6761 | Temple   | Entered the Ecumenical Temple
  6847 | Temple   | Became a worshipper of Fedhas Madash
  7169 | D:5      | Reached skill level 6 in Dodging
  7494 | D:6      | Found a glowing golden altar of the Shining One.
  7503 | D:6      | Reached XP level 8. HP: 42/50 MP: 8/8
  8231 | D:6      | Found Ditear's Specific Store.
  8231 | D:6      | Found Xusm's General Store.
  8236 | D:6      | Bought a scroll of identify for 30 gold pieces
  8246 | D:6      | Bought a scroll of identify for 26 gold pieces
  8704 | D:6      | Reached * piety under Fedhas
  8717 | D:6      | Noticed a wyvern
  8725 | D:6      | Killed a wyvern
  8726 | D:6      | Reached skill level 7 in Dodging
  9331 | D:6      | Reached XP level 9. HP: 46/56 MP: 9/9
 10088 | D:7      | Reached skill level 8 in Dodging
 10774 | D:7      | HP: 2/57 [gnoll sergeant/+1 spear of venom (13)]
 11536 | D:7      | Reached ** piety under Fedhas
 11556 | D:7      | Noticed a komodo dragon
 11779 | D:7      | Noticed Menkaure
 12334 | D:7      | Reached skill level 9 in Dodging
 12987 | D:8      | Noticed a salamander
 12987 | D:8      | a shapeshifter changed into a salamander
 13004 | D:8      | Noticed a polar bear
 13004 | D:8      | a salamander changed into a polar bear
 13168 | D:8      | Noticed a yaktaur
 13168 | D:8      | a spriggan changed into a yaktaur
 13176 | D:8      | Noticed a manticore
 13176 | D:8      | a yaktaur changed into a manticore
 13176 | D:8      | Noticed a snapping turtle
 13176 | D:8      | a manticore changed into a snapping turtle
 13189 | D:8      | Noticed a death drake
 13189 | D:8      | a snapping turtle changed into a death drake
 13194 | D:8      | HP: 2/59 [death drake (shapeshifter)/foul vapour (17)]
 13195 | D:8      | Engulfed by a death drake (shapeshifter)'s foul pestilence

Illustrated notes

Levels and vault maps discovered:
D:1:      ncdulo_watergridlock, layout_basic, kennysheep_flooded_box
D:2:      layout_loops_cross, chequers_ecumenical_altar_grove, minmay_cut_off
D:3:      layout_basic
D:4:      layout_rooms
D:5:      layout_rooms, minmay_temple_entry_purple_smoke, gup_sewer_entry_pipe,
          uniq_sigmund
D:6:      layout_basic, nicolae_tso_besieged_by_evil, nicolae_specific_store,
          minmay_misc_feat_doors
D:7:      layout_loops_cross, minmay_quadrilaterals, uniq_menkaure
D:8:      layout_loops_ring
Temple:   mainiacjoe_temple_bowtie_tessellation

Skill      XL: |  1  2  3  4  5  6  7  8  9 |
---------------+----------------------------+-----
Dodging        | 3 4 5 6 7 9 |  9.1
Fighting       | 3 4 5 6 8 |  8.3
Bows           | 5 6 7 8 |  8.4
Stealth        | |  1.3

Action                   |  1- 3 |  4- 6 |  7- 9 || total
-------------------------+-------+-------+-------++-------
Melee: Short sword       |    78 |   108 |       ||   186
       Punch             |     2 |     2 |     6 ||    10
       Hand axe          |       |    47 |   305 ||   352
 Fire: Shortbow          |       |    16 |    34 ||    50
Invok: Wall of Briars    |       |       |     1 ||     1
Evoke: Wand              |       |       |     2 ||     2
  Use: Scroll            |     4 |     5 |     5 ||    14
       Potion            |       |       |     3 ||     3
 Stab: Sleeping          |    14 |    10 |     9 ||    33
Armor: Leather armour    |    14 |    16 |    86 ||   116
Dodge: Dodged            |    50 |   103 |   327 ||   480
